 Dungeon Crawl Stone Soup version 0.32-a0-433-g08bcfe7efd (webtiles) character file.

Game seed: 7241939765486035755

3625 IdlyInterested the Fighter (level 9, 0/81 HPs)
             Began as a Demonspawn Gladiator on Feb 22, 2024.
             Slain by an ice beast (1 damage)
             ... on level 7 of the Dungeon.
             The game lasted 00:33:52 (8509 turns).

IdlyInterested the Fighter (Demonspawn Gladiator)   Turns: 8509, Time: 00:33:53

Health: 0/81       AC:  8    Str: 15    XL:     9   Next: 87%
Magic:  0/13       EV: 14    Int: 11    God:
Gold:   521        SH:  0    Dex: 24    Spells: 14/14 levels left

rFire   + . .        A - +1 dagger (speed)
rCold   + + .        (no shield)
rNeg    . . .        b - +3 leather armour {rF+}
rPois   +            c - +0 helmet
rElec   +            y - +0 cloak
rCorr   +            (no gloves)
SInv    .            (no boots)
Will    .....        (no amulet)
Stlth   ++++         n - ring of ice
HPRegen 0.33/turn    T - +6 ring of dexterity
MPRegen 0.26/turn

%: guardian spirit
@: resistant
A: thin skeletal structure 1, magic shield, magic regeneration, magic link,
weakness stinger 2
a: no special abilities


You were on level 7 of the Dungeon.
You visited 2 branches of the dungeon, and saw 8 of its levels.

You collected 521 gold pieces.

Inventory:

Hand Weapons
 a - a +0 rapier
 u - a +0 rapier
 w - a +2 short sword
 A - a +1 dagger of speed (weapon)
Missiles
 d - a throwing net
 e - a javelin
 j - 69 stones (quivered)
 k - 22 poisoned darts
Armour
 b - a +3 leather armour of fire resistance (worn)
 c - a +0 helmet (worn)
 y - a +0 cloak (worn)
 O - a +1 leather armour of poison resistance
 R - a +2 robe of willpower
 W - an orb of energy
 Y - a +0 robe of positive energy
Magical Staves
 l - a staff of conjuration
 N - a staff of death
Jewellery
 f - a ring of fire
 g - a +4 ring of protection
 n - a ring of ice (left hand)
 H - a +4 ring of protection
 J - a +4 ring of protection
 L - a ring of resist corrosion
 M - a ring of protection from fire
 T - a +6 ring of dexterity (right hand)
Wands
 h - a wand of flame (18)
 K - a wand of digging (2)
 V - a wand of iceblast (12)
 X - a wand of charming (8)
Scrolls
 m - 2 scrolls of torment
 o - a scroll of enchant weapon {unknown}
 q - a scroll of enchant armour {unknown}
 r - 3 scrolls of vulnerability
 s - a scroll of fog {unknown}
 t - 3 scrolls of brand weapon
 v - 5 scrolls of revelation
 B - 4 scrolls of blinking
 E - a scroll of poison
 F - 4 scrolls of teleportation
Potions
 i - a potion of lignification
 p - a potion of resistance
 x - a potion of curing
 z - a potion of brilliance
 C - a potion of enlightenment
 I - a potion of might
 Q - 2 potions of magic
 S - 3 potions of haste
 U - a potion of attraction


   Skills:
 + Level 11.1 Fighting
 + Level 4.3 Short Blades
 - Level 2.0 Throwing
 - Level 2.0 Armour
 - Level 4.0 Dodging
 - Level 3.0 Stealth
 - Level 2.0 Shields
 - Level 2.0 Unarmed Combat
 - Level 3.0 Spellcasting
 - Level 2.0 Evocations
 - Level 2.0 Shapeshifting


You had 14 spell levels left.
You didn't know any spells.
Your spell library contained the following spells:

 Spells                   Type           Power      Damage    Failure   Level
 Sandblast                Erth           2%         2d4       32%         1
 Cigotuvi's Dreadful Rot  Necr/Alch/Air  2%         N/A       43%         2
 Lesser Beckoning         Tloc           2%         N/A       43%         2
 Scorch                   Fire           2%         2d5       43%         2
 Gell's Gravitas          Tloc           1%         N/A       67%         3
 Passwall                 Erth           1%         N/A       67%         3
 Stone Arrow              Conj/Erth      2%         3d7       67%         3
 Teleport Other           Tloc           1%         N/A       67%         3
 Brom's Barrelling Bould  Conj/Erth      1%         2d3       97%         4
 Dispel Undead            Necr           1%         3d6       97%         4
 Flame Wave               Conj/Fire      1%         2d4       97%         4
 Martyr's Knell           Necr/Summ      1%         N/A       97%         4
 Olgreb's Toxic Radiance  Alch           1%         N/A       97%         4
 Death Channel            Necr           0%         N/A       100%        6
 Summon Cactus Giant      Summ           0%         N/A       100%        6
 Ozocubu's Refrigeration  Ice            1%         4d7       100%        7
 Discord                  Hex            0%         N/A       100%        8


Dungeon Overview and Level Annotations

Branches:
Dungeon (7/15)             Temple (1/1) D:5

Altars:
Cheibriados
Dithmenos
Gozag
Hepliaklqana
Kikubaaqudgha
Makhleb
Nemelex Xobeh
Okawaru
Qazlal
Trog
Uskayaw
Vehumet
Wu Jian
Xom
Yredelemnul

Shops:
D:4 =

Annotations:
D:7 1 transporter


Innate Abilities, Weirdness & Mutations

You have a somewhat thin skeletal structure. (Dex +2, Stealth+)
When hurt, damage is shared between your health and your magic reserves.
You regenerate magic rapidly.
When low on magic, you restore magic in place of health.
You have a tail ending in a sharp stinger.


Message History

Unknown command.
You hit the wolf spider simulacrum but do no damage.
The wolf spider simulacrum is moderately damaged.
You are engulfed in freezing vapours.
You resist.
The ice beast hits you but does no damage.
The ice beast closely misses you. The ice beast barely misses you.
The centaur warrior simulacrum hits you.
The centaur warrior simulacrum freezes you!
You resist.
* * * LOW HITPOINT WARNING * * *
The centaur warrior simulacrum closely misses you.
The ice beast misses you.
The wolf spider simulacrum hits you but does no damage.
The wolf spider simulacrum bites you.
* * * LOW HITPOINT WARNING * * *
The wolf spider simulacrum freezes you. You resist.
* * * LOW HITPOINT WARNING * * *
You hit the wolf spider simulacrum.
The wolf spider simulacrum is moderately damaged.
You are engulfed in freezing vapours.
You resist.
* * * LOW HITPOINT WARNING * * *
Unknown command.
You hit the wolf spider simulacrum.
You tail-slap the wolf spider simulacrum.
The wolf spider simulacrum is severely damaged.
You are engulfed in freezing vapours.
You resist.
* * * LOW HITPOINT WARNING * * *
The wolf spider simulacrum hits you but does no damage.
The wolf spider simulacrum bites you.
* * * LOW HITPOINT WARNING * * *
The wolf spider simulacrum freezes you. You resist.
* * * LOW HITPOINT WARNING * * *
The centaur warrior simulacrum barely misses you.
The centaur warrior simulacrum kicks you but does no damage.
The ice beast hits you.
* * * LOW HITPOINT WARNING * * *
The ice beast freezes you. You resist. The ice beast hits you.
* * * LOW HITPOINT WARNING * * *
The ice beast freezes you. You resist.
You die...

#.........#.#####..###..........
#.............# #......##.......
#....###.##.#.###########.#.....
###### ########☼°°○☼### #.##....
####°°○☼○°#○°.○°#.###.###...
#..#.°○°○°#○○☼°○#..##.######
###..#○°#.#.○☼°○$)#...........
#...©#○○©...ZYY°[©#©..#.######
####.#..#°.#.#.°@Z○[?#..##.#
#....#.##°°○°°☼#YY°°○#...#.######
#.......#°☼○°○°#○°○.°#...........
#......#########°○○☼.#...#.######
#....#.#......##########...######
#.....>..........................
#....###.........................
#....# #...##########..........##
#....# #...# #..........##


You could see 4 ice beasts, a wolf spider simulacrum and a centaur warrior
simulacrum.

Vanquished Creatures
  Prince Ribbit (D:5)
  Sigmund (D:2)
  A steam dragon (D:7)
  2 water moccasins
  Duvessa (D:4)
  2 ice beasts
  The ghost of SevenDeadlySins the Cudgeller, an amateur MDRe (D:3)
  A centaur (D:6)
  2 ogres (D:5)
  A phantom (D:7)
  2 bullfrogs (D:7)
  4 scorpions
  9 wights (D:7)
  Dowan (D:4)
  7 killer bees (D:7)
  3 bombardier beetles
  A howler monkey (D:6)
  Crazy Yiuf (D:2)
  2 jellies
  An orc priest (D:4)
  7 hounds
  2 sleepcaps (D:4)
  3 iguanas
  Terence (D:3)
  Natasha (thrice) (D:3)
  4 orc wizards
  5 gnolls
  8 adders
  A shadow imp (D:6)
  2 ufetubi (D:6)
  2 dart slugs
  A ribbon worm (D:3)
  19 orcs
  4 bats
  8 endoplasms
  2 giant cockroaches (D:1)
  9 goblins
  5 hobgoblins
  11 jackals
  A quokka (D:5)
  13 ball pythons
  4 frilled lizards
  15 kobolds
  7 rats
181 creatures vanquished.

Notes
Turn   | Place    | Note
-------+----------+-------------------------------------------
     0 | D:1      | IdlyInterested the Demonspawn Gladiator began the quest for
                  | the Orb.
     0 | D:1      | Reached XP level 1. HP: 16/16 MP: 1/1
   106 | D:1      | Gained mutation: You have a small tail. [demonic ancestry]
   106 | D:1      | Reached XP level 2. HP: 5/23 MP: 2/2
   383 | D:1      | Reached XP level 3. HP: 27/28 MP: 3/3
   486 | D:1      | Reached skill level 1 in Armour
   506 | D:1      | Reached skill level 3 in Fighting
  1423 | D:2      | Noticed Sigmund
  1456 | D:2      | Killed Sigmund
  1457 | D:2      | Reached skill level 5 in Fighting
  1457 | D:2      | Gained mutation: You have a somewhat thin skeletal
                  | structure. (Dex +2, Stealth+) [demonic ancestry]
  1457 | D:2      | Reached XP level 4. HP: 21/39 MP: 4/4
  1457 | D:2      | Gained mutation: You regenerate magic rapidly. [demonic
                  | ancestry]
  1457 | D:2      | Reached XP level 5. HP: 24/44 MP: 5/5
  1659 | D:2      | Found a runed translucent door.
  1660 | D:2      | Noticed Crazy Yiuf
  2029 | D:2      | Killed Crazy Yiuf
  2030 | D:2      | Reached skill level 1 in Stealth
  2129 | D:3      | Noticed Natasha
  2139 | D:3      | Killed Natasha
  2140 | D:3      | Reached skill level 1 in Evocations
  2140 | D:3      | Gained mutation: When hurt, damage is shared between your
                  | health and your magic reserves. [demonic ancestry]
  2140 | D:3      | Reached XP level 6. HP: 46/51 MP: 6/6
  2176 | D:3      | Noticed Natasha
  2190 | D:3      | Killed Natasha
  2321 | D:3      | Reached skill level 1 in Spellcasting
  2339 | D:3      | Found a runed translucent door.
  2342 | D:3      | Noticed SevenDeadlySins's ghost (amateur MDRe)
  2524 | D:3      | Found a sparkling altar of Nemelex Xobeh.
  2524 | D:3      | Found a basalt altar of Yredelemnul.
  2586 | D:3      | Noticed Terence
  2612 | D:3      | Killed Terence
  2818 | D:3      | Noticed Natasha
  2826 | D:3      | Killed Natasha
  2827 | D:3      | Reached skill level 6 in Fighting
  3264 | D:3      | Killed SevenDeadlySins's ghost
  3265 | D:3      | Reached XP level 7. HP: 16/56 MP: 6/8
  3540 | D:4      | Found Juzaq's One-of-a-Kind Rings.
  3845 | D:4      | Noticed Duvessa
  3845 | D:4      | Noticed Dowan
  3873 | D:4      | Killed Duvessa
  3874 | D:4      | Reached skill level 7 in Fighting
  3875 | D:4      | Killed Dowan
  4000 | D:4      | Found a snail-covered altar of Cheibriados.
  4431 | D:5      | Entered Level 5 of the Dungeon
  4497 | D:5      | Gained mutation: When low on magic, you restore magic in
                  | place of health. [demonic ancestry]
  4497 | D:5      | Reached XP level 8. HP: 62/67 MP: 9/9
  4716 | D:5      | Noticed Prince Ribbit
  4726 | D:5      | Reached skill level 8 in Fighting
  4771 | D:5      | Killed Prince Ribbit
  5196 | D:5      | Reached skill level 9 in Fighting
  5693 | D:5      | Found a staircase to the Ecumenical Temple.
  5757 | D:6      | Gained mutation: You have a tail ending in a sharp stinger.
                  | [demonic ancestry]
  5757 | D:6      | Reached XP level 9. HP: 67/76 MP: 13/13
  5776 | D:6      | Found a shadowy altar of Dithmenos.
  6230 | Temple   | Entered the Ecumenical Temple
  6422 | D:6      | Reached skill level 1 in Shapeshifting
  6659 | D:7      | HP: 2/72 [poisoned by a killer bee]
  6665 | D:7      | HP: 3/73 [poisoned by a killer bee]
  6665 | D:7      | HP: 1/73 [killer bee (2)]
  6696 | D:7      | Reached skill level 10 in Fighting
  6723 | D:7      | Reached skill level 1 in Shields
  7044 | D:7      | Reached skill level 1 in Unarmed Combat
  7527 | D:7      | Reached skill level 11 in Fighting
  8196 | D:7      | Found a transporter.
  8321 | D:7      | Found a transporter.
  8509 | D:7      | HP: 4/81 [wolf spider simulacrum (4)]
  8509 | D:7      | HP: 1/81 [ice beast (1)]
  8509 | D:7      | Slain by an ice beast

Illustrated notes

Levels and vault maps discovered:
D:1:      mainiacjoe_arrival_oval_in_oval, layout_loops_ring, minivault_26,
          lexackson_kobold_supper
D:2:      layout_basic, serial_glass, glass_columns_a, glass_columns_b,
          glass_columns_c, due_unseen_surprise, feat_on_display,
          uniq_crazy_yiuf_cottage, uniq_sigmund
D:3:      layout_loops_ring, mainiacjoe_overflow_divided_tiny,
          ebering_ghost_reflecting_pool, minmay_shallow_snake_nest,
          uniq_terence, uniq_natasha
D:4:      layout_basic, slow_altar_1, nicolae_shop_unique_rings,
          minmay_misc_feat_doors, uniq_duvessa
D:5:      layout_cave_pools, minmay_temple_entry_from_below_a,
          chequers_serial_rivers_micro_c, minmay_joined_circles,
          uniq_prince_ribbit1
D:6:      layout_gridville, old_standard_altar, grunt_decor_mini_mirrors
D:7:      gammafunk_cloud_chamber, layout_rooms, nicolae_underground_beach
Temple:   eino_temple_lava

Skill      XL: |  1  2  3  4  5  6  7  8  9 |
---------------+----------------------------+-----
Throwing       | 2 |  2.0
Short Blades   | 3 4 |  4.3
Armour         | 1 2 |  2.0
Fighting       | 5 6 7 9 11 | 11.1
Dodging        | 3 4 |  4.0
Stealth        | 1 3 |  3.0
Evocations     | 1 2 |  2.0
Spellcasting   | 1 3 |  3.0
Shapeshifting  | 2 |  2.0
Shields        | 2 |  2.0
Unarmed Combat | 2 |  2.0

Action                     |  1- 3 |  4- 6 |  7- 9 || total
---------------------------+-------+-------+-------++-------
  Melee: Rapier            |   499 |   162 |   485 ||  1146
         Tailslap          |   106 |    27 |   124 ||   257
         Unarmed           |       |       |     4 ||     4
         Dagger            |       |       |   180 ||   180
  Throw: Throwing net      |     1 |     1 |       ||     2
         Dart              |       |     5 |    18 ||    23
         Stone             |       |     3 |    20 ||    23
  Evoke: Wand              |       |       |     2 ||     2
    Use: Scroll            |     1 |     3 |     4 ||     8
         Potion            |       |     1 |    15 ||    16
   Stab: Sleeping          |       |     5 |     9 ||    14
         Held in net/web   |       |     1 |       ||     1
 Armour: Leather armour    |    67 |    48 |   429 ||   544
         Ring mail         |     9 |    49 |       ||    58
         Skin              |       |       |     4 ||     4
  Dodge: Dodged            |    82 |    78 |   495 ||   655

Table legend: (Time is in decaauts)
 A = Elapsed time spent in this place.
 B = Non-inter-level travel time spent in this place.
 C = Inter-level travel time spent in this place.
 D = Time resting spent in this place.
 E = Time spent auto-exploring this place.
 F = Levels seen in this place.
 G = Mean time per level.
                   A        B        C        D        E       F      G
               +--------+--------+--------+--------+--------+-----+--------+
         Total |   8414 |   7855 |    559 |   2106 |   3046 |   8 | 1051.8 |
       Dungeon |   8412 |   7853 |    559 |   2106 |   3046 |   7 | 1201.7 |
        Temple |      1 |      1 |      0 |      0 |      0 |   1 |    1.0 |
               +--------+--------+--------+--------+--------+-----+--------+

Top non-repeatable levels by time:
     D:7: 1780 daAuts
     D:3: 1389 daAuts
     D:1: 1366 daAuts
     D:5: 1264 daAuts
     D:2: 894 daAuts
     D:6: 885 daAuts
     D:4: 831 daAuts
  Temple: 1 daAuts
